 Dungeon Crawl Stone Soup version 0.25-b1-50-g7b83aa72e5 (webtiles) character file.

Game seed: 17793285874058534028

130 Curus the Twirler (level 4, 0/37 HPs)
             Began as a Minotaur Gladiator on June 12, 2020.
             Succumbed to a worker ant's poison
             ... on level 3 of the Dungeon.
             The game lasted 00:06:23 (1783 turns).

Curus the Twirler (Minotaur Gladiator)              Turns: 1783, Time: 00:06:24

Health: 0/37       AC:  4    Str: 20    XL:     4   Next: 89%
Magic:  3/3        EV: 13    Int:  6    God:
Gold:   123        SH:  0    Dex: 12    Spells: 3/3 levels left

rFire    + . .     SeeInvis .   a - +2 quarterstaff
rCold    + . .     Gourm    .   (shield currently unavailable)
rNeg     . . .     Faith    .   b - +0 leather armour
rPois    +         Spirit   .   c - +0 hat
rElec    +         Reflect  .   h - +0 cloak
rCorr    +         Harm     .   (no gloves)
MR       .....                  (no boots)
Stlth    ++........             (no amulet)
HPRegen  0.12/turn              e - ring of stealth
MPRegen  0.08/turn              (no ring)

@: lethally poisoned (0 -> -6), resistant (expiring)
A: retaliatory headbutt, hooves 1, horns 2, strong 1
a: no special abilities


You were on level 3 of the Dungeon.
You were not hungry.

You visited 1 branch of the dungeon, and saw 3 of its levels.

You collected 123 gold pieces.

Inventory:

Hand Weapons
 a - a +2 quarterstaff (weapon)
Missiles
 d - 3 throwing nets (quivered)
Armour
 b - a +0 leather armour (worn)
 c - a +0 hat (worn)
 h - a +0 cloak (worn)
 j - a +0 pair of boots
Jewellery
 e - a ring of stealth (left hand)
Comestibles
 f - 2 rations
 i - 4 chunks of flesh


   Skills:
 - Level 2.4 Fighting
 + Level 6.8 Staves
 - Level 2.0 Throwing
 - Level 3.2 Dodging


You had 3 spell levels left.
You didn't know any spells.
Your spell library was empty.

Dungeon Overview and Level Annotations

Branches:
Dungeon (3/15)

Altars:

Annotations:
D:3 Grinder


Innate Abilities, Weirdness & Mutations

You reflexively headbutt those who attack you in melee.
You have a pair of horns on your head.
You have large cloven feet.
Your muscles are strong. (Str +2)


Message History

* * * LOW HITPOINT WARNING * * *
You feel sick.
You barely miss Grinder. You kick Grinder. You headbutt Grinder.
Grinder is severely wounded.
Your surroundings suddenly seem different.
* * * LOW HITPOINT WARNING * * *
You feel sick.
There is a lethal amount of poison in your body!
* * * LOW HITPOINT WARNING * * *
You feel sick.
* * * LOW HITPOINT WARNING * * *
You feel sick.
* * * LOW HITPOINT WARNING * * *
You feel sick.
You start to feel less resistant.
* * * LOW HITPOINT WARNING * * *
You feel sick.
* * * LOW HITPOINT WARNING * * *
You feel sick.
You die...

##.......÷.....<.......###
....................)..##.
##.....................##.
#.####.###.........#..##.
#> #.# #.##
##.####....#.... #.. #.#
#.# #.# ##........
...####.# #.## ##.#
###.#####
#.......####.###.## #.#
#......÷......@.## #.#
#..#...>..##.......# #.#
#.#..#.##.#####.#
#....#.##.# #
#.##.#..........#
#>......#.##.##..
####.#.........
#......####.# #.###### #


There were no monsters in sight!

Vanquished Creatures
  A worker ant (D:3)
  5 adders (D:2)
  A worm (D:2)
  A dart slug (D:1)
  5 orcs (D:3)
  A ball python (D:2)
  7 bats
  4 giant cockroaches
  9 goblins
  5 hobgoblins
  2 jackals (D:2)
  4 kobolds
  A quokka (D:2)
  3 frilled lizards (D:3)
  2 rats
51 creatures vanquished.

Notes
Turn   | Place    | Note
-------+----------+-------------------------------------------
     0 | D:1      | Curus the Minotaur Gladiator began the quest for the Orb.
     0 | D:1      | Reached XP level 1. HP: 18/18 MP: 0/0
    46 | D:1      | Reached skill level 4 in Staves
    81 | D:1      | Reached XP level 2. HP: 24/25 MP: 1/1
   467 | D:2      | Reached skill level 5 in Staves
   473 | D:2      | Reached XP level 3. HP: 27/30 MP: 2/2
  1131 | D:2      | Reached skill level 6 in Staves
  1131 | D:2      | Reached XP level 4. HP: 23/37 MP: 3/3
  1721 | D:3      | Gained mutation: You have large cloven feet. [potion of
                  | mutation]
  1721 | D:3      | Gained mutation: Your muscles are strong. (Str +2) [potion
                  | of mutation]
  1743 | D:3      | Noticed Grinder
  1757 | D:3      | Paralysed by Grinder for 6 turns
  1782 | D:3      | HP: 1/37 [poisoned by a worker ant]
  1783 | D:3      | Succumbed to a worker ant's poison

Illustrated notes

Levels and vault maps discovered:
D:1:      lemuel_arrival_behind_the_door_large, layout_rooms
D:2:      layout_loops_ring, minmay_misc_feat_roman
D:3:      layout_loops_cross, uniq_crazy_yiuf_cottage, uniq_grinder

Skill      XL: |  1  2  3 |
---------------+----------+-----
Staves         | 4 5 6 |  6.8
Fighting       | |  2.4
Throwing       | |  2.0
Dodging        | |  3.2

Action                   |  1- 3 |  4- 6 || total
-------------------------+-------+-------++-------
Melee: Quarterstaff      |    67 |    42 ||   109
       Headbutt          |    11 |     9 ||    20
       Kick              |       |     4 ||     4
  Use: Potion            |     3 |     2 ||     5
       Scroll            |     5 |     3 ||     8
 Stab: Sleeping          |     1 |     1 ||     2
  Eat: Chunk             |     1 |     2 ||     3
Armor: Leather armour    |    15 |     5 ||    20
Dodge: Dodged            |    44 |    19 ||    63
